 Dungeon Crawl Stone Soup version 0.24.0-1-gfbc8707122 (webtiles) character file.

Game seed: 10144440128222545157, levelgen mode: deterministic

345 Mrkan the Chopper (level 6, -5/84 HPs)
             Began as a Minotaur Monk on Oct 28, 2019.
             Was a Believer of Trog.
             Killed by divine providence
             ... invoked by an orc priest
              (15 damage)
             ... on level 4 of the Dungeon.
             The game lasted 00:07:15 (3099 turns).

Mrkan the Chopper (Minotaur Monk)                   Turns: 3099, Time: 00:07:16

Health: -5/84      AC: 10    Str: 23    XL:     6   Next: 32%
Magic:  5/5        EV:  5    Int:  7    God:    Trog [**....]
Gold:   153        SH:  9    Dex: 12    Spells: 5/5 levels left

rFire    . . .     SeeInvis .   a - +0 hand axe
rCold    . . .     Gourm    .   o - +0 shield
rNeg     . . .     Faith    .   t - +0 plate armour
rPois    .         Spirit   .   (helmet restricted)
rElec    .         Reflect  .   (no cloak)
rCorr    .         Harm     .   (no gloves)
MR       ++...                  (no boots)
Stlth    ..........             (no amulet)
HPRegen  1.24/turn              (no ring)
MPRegen  0.09/turn              (no ring)

@: berserking, regenerating, very quick
A: retaliatory headbutt, horns 2
a: Berserk, Trog's Hand, Renounce Religion


You were on level 4 of the Dungeon.
You worshipped Trog.
Trog was pleased with you.
You were hungry.

You visited 1 branch of the dungeon, and saw 4 of its levels.

You collected 153 gold pieces.

Inventory:

Hand Weapons
 a - a +0 hand axe (weapon)
Missiles
 e - 78 stones (quivered)
Armour
 b - a +0 robe
 o - a +0 shield (worn)
 t - a +0 plate armour (worn)
Jewellery
 p - a cursed ring of attention {unknown}
 w - an uncursed ring of magical power {unknown}
Wands
 u - a wand of digging (4)
Scrolls
 d - 2 scrolls of blinking {unknown}
 i - a scroll of amnesia {unknown}
 j - 8 scrolls of identify {unknown}
 l - 2 scrolls of teleportation {unknown}
 n - a scroll of fog {unknown}
 r - a scroll of random uselessness {unknown}
 s - 2 scrolls of remove curse {unknown}
Potions
 f - 3 potions of curing
 g - 2 potions of mutation {unknown}
 h - 2 potions of agility
 k - 2 potions of flight {unknown}
 m - a potion of haste {unknown}
 q - a potion of magic {unknown}
Comestibles
 c - 6 rations
 v - 6 chunks of flesh


   Skills:
 + Level 5.1 Fighting
 * Level 6.4 Axes
 + Level 4.7 Dodging
 - Level 1.5 Stealth
 + Level 2.1 Shields


You had 5 spell levels left.
You didn't know any spells.
Your spell library contained the following spells:

 Spells                   Type           Power        Failure   Level  Hunger
 Shroud of Golubria       Chrm/Tloc      #.....       100%        2    ###....


Dungeon Overview and Level Annotations

Branches:
Dungeon (4/15)
 Temple: D:4-7

Altars:
Ashenzari
Trog


Innate Abilities, Weirdness & Mutations

You reflexively headbutt those who attack you in melee.
You have a pair of horns on your head.


Message History

The orc warrior is healed somewhat.
Your skin crawls.
You feel resistant to hostile enchantments.
You feel somewhat more hungry.
The orc warrior hits you with a +0 short sword!
* * * LOW HITPOINT WARNING * * *
The orc priest begins to cast a cantrip, but forgets the words!
A red film seems to cover your vision as you go berserk!
You feel yourself moving faster!
You feel mighty!
You are feeling hungry.
The orc warrior hits you but does no damage.
Your shield and plate armour prevent you from hitting the orc warrior.
You headbutt the orc warrior!
The orc warrior is severely wounded.
You closely miss the orc warrior.
The orc warrior is severely wounded.
You block the orc warrior's attack.
The orc priest invokes the aid of Beogh against you.
Beogh smites you!
You die...

#####.###########
##..##.###...##..#
#<............#..#
#.............#..#
###....###...##..#
###....###+#####'##
..................#
...............)..#
.###....##...###@##
.###....##...###o###
..#...^..<....#ooo.#
..#...........#....#
..+...........#....#
..###..###...###..##
+####..###...###..#
..............#....
..............#.....


You could see an orc warrior, 2 orc priests and an orc.

Vanquished Creatures
  2 orc wizards (D:4)
  Jessica (D:2)
  Ijyb (D:4)
  Terence (D:2)
  2 worker ants
  8 adders
  2 oozes
  2 worms
  4 dart slugs
  5 orcs
  5 giant cockroaches
  6 hobgoblins
  8 kobolds
  2 quokkas
  9 bats
  5 frilled lizards
  10 goblins
  6 rats
79 creatures vanquished.

Notes
Turn   | Place    | Note
-------+----------+-------------------------------------------
     0 | D:1      | Mrkan the Minotaur Monk began the quest for the Orb.
     0 | D:1      | Reached XP level 1. HP: 19/19 MP: 0/0
   151 | D:1      | Reached skill level 4 in Axes
   152 | D:1      | Reached XP level 2. HP: 27/27 MP: 1/1
   747 | D:1      | Reached XP level 3. HP: 32/33 MP: 2/2
   950 | D:2      | Noticed Terence
   967 | D:2      | Killed Terence
   967 | D:2      | Reached skill level 5 in Axes
   967 | D:2      | Reached XP level 4. HP: 20/40 MP: 3/3
  1353 | D:2      | Noticed Jessica
  1370 | D:2      | Killed Jessica
  1376 | D:2      | Identified Jessica's Volume of Protection
  1556 | D:2      | Reached XP level 5. HP: 47/47 MP: 4/4
  1600 | D:2      | Found a bloodstained altar of Trog.
  1732 | D:2      | Became a worshipper of Trog the Wrathful
  1732 | D:2      | Reached * piety under Trog
  1732 | D:2      | Reached ** piety under Trog
  2348 | D:3      | Reached skill level 1 in Shields
  2709 | D:3      | Reached skill level 6 in Axes
  2712 | D:3      | Found a shattered altar of Ashenzari.
  2943 | D:4      | Noticed Ijyb
  2956 | D:4      | Killed Ijyb
  3014 | D:4      | Reached skill level 5 in Fighting
  3014 | D:4      | Reached XP level 6. HP: 51/56 MP: 5/5
  3084 | D:4      | Noticed an orc warrior
  3099 | D:4      | Killed from afar by an orc priest

Levels and vault maps discovered:
D:1:      saegor_arrival_miasma, layout_basic
D:2:      layout_basic, overflow_temple_1_default, kennysheep_jessica_study,
          uniq_terence
D:3:      layout_loops_cross, ashenzari_altar_1, minmay_misc_feat_nine_boxes
D:4:      layout_gridville, kennysheep_mini_moat, first_ration,
          minmay_misc_feat_ornament, uniq_ijyb

Skill      XL: |  1  2  3  4  5  6 |
---------------+-------------------+-----
Axes           | 4 5 6 |  6.4
Fighting       | 4 5 |  5.1
Dodging        | 4 |  4.7
Shields        | 1 2 |  2.1
Stealth        | |  1.5

Action                   |  1- 3 |  4- 6 || total
-------------------------+-------+-------++-------
Melee: Hand axe          |    69 |   142 ||   211
       Headbutt          |    10 |    24 ||    34
Invok: Berserk           |       |     1 ||     1
       Trog's Hand       |       |     1 ||     1
 Stab: Sleeping          |     1 |     1 ||     2
       Distracted        |       |     1 ||     1
  Eat: Chunk             |       |     4 ||     4
       Ration            |       |     1 ||     1
Armor: Robe              |    13 |    13 ||    26
       Plate armour      |       |    24 ||    24
Dodge: Dodged            |    53 |    64 ||   117
Block: Shield            |       |    37 ||    37
